 Dungeon Crawl Stone Soup version 0.29.0-4-gdea44cf6ec (webtiles) character file.

Game seed: 632988609889705302

461 qw the Chopper (level 7, -2/43 HPs)
             Began as a Gargoyle Fighter on Sept 9, 2022.
             Was an Initiate of Okawaru.
             Killed from afar by Maggie (20 damage)
             ... with a bolt of fire
             ... on level 6 of the Dungeon.
             The game lasted 00:01:55 (4988 turns).

qw the Chopper (Gargoyle Fighter)                   Turns: 4988, Time: 00:01:56

Health: -2/43      AC: 13    Str: 21    XL:     7   Next: 7%
Magic:  7/7        EV:  9    Int:  9    God:    Okawaru [......]
Gold:   1000       SH:  4    Dex:  9    Spells: 6/6 levels left

rFire   . . .      SeeInvis .   Y - +0 war axe
rCold   . . .      Faith    .   c - +0 buckler
rNeg    + . .      Spirit   .   b - +0 scale mail
rPois   inf        Reflect  .   j - +1 hat
rElec   +          Harm     .   h - +0 cloak
rCorr   .          Rampage  .   (no gloves)
Will    .....                   (no boots)
Stlth   ..........              k - amulet of the acrobat
HPRegen 0.14/turn               (no ring)
MPRegen 0.10/turn               (no ring)

@: mesmerised
A: sickness immunity, AC +4, negative energy resistance 1, electricity
resistance, torment resistance 1, petrification resistance
a: Renounce Religion


You were on level 6 of the Dungeon.
You worshipped Okawaru.
Okawaru was noncommittal.
You visited 2 branches of the dungeon, and saw 7 of its levels.

You collected 1000 gold pieces.


Innate Abilities, Weirdness & Mutations

You are immune to sickness and miasma.
Your stone body is resilient. (AC +4)
You are immune to poison.
You resist negative energy. (rN+)
You are resistant to electric shocks. (rElec)
You are resistant to unholy torment.
You are immune to petrification.


   Skills:
 - Level 4.0 Fighting
 + Level 6.3 Axes
 - Level 3.2 Armour
 - Level 1.0 Dodging
 - Level 3.2 Shields


You had 6 spell levels left.
You didn't know any spells.
Your spell library was empty.

Inventory:

Hand Weapons
 q - a +0 morningstar of protection
 Y - a +0 war axe (weapon)
Missiles
 l - a boomerang (quivered)
Armour
 b - a +0 scale mail (worn)
 c - a +0 buckler (worn)
 h - a +0 cloak (worn)
 j - a +1 hat (worn)
 o - a +0 chain mail
Jewellery
 k - an amulet of the acrobat (around neck)
Scrolls
 e - a scroll of identify
 f - a scroll of teleportation
Potions
 a - a potion of magic
 d - 2 potions of might
 g - 2 potions of haste
 i - a potion of cancellation
 m - 2 potions of attraction
 n - a potion of flight {unknown}
 p - a potion of curing
 s - 2 potions of lignification

Dungeon Overview and Level Annotations

Branches:
Dungeon (6/15)             Temple (1/1) D:4

Altars:
Cheibriados
Dithmenos
Elyvilon
Fedhas
Gozag
Hepliaklqana
Kikubaaqudgha
Makhleb
Okawaru
Qazlal
Ru
Sif Muna
Trog
Uskayaw
Wu Jian
Yredelemnul
Zin

Shops:
D:1 [   D:6 (

Annotations:
D:6 Maggie


Message History

Maggie shouts!
The hound barks!
You hear an angry hiss.
A jelly comes into view.
4976 ||| Stepping ~*~*~tactically~*~*~ (hiding).
You start waiting.
Maggie is nearby!
An adder comes into view.
The jelly quivers.
The adder hisses angrily.
Maggie completely misses you.
You slash Maggie!
Maggie is lightly wounded.
Maggie closely misses you.
An iguana comes into view.
You block Maggie's attack.
You slash Maggie!
Maggie is moderately wounded.
Maggie hits you with a +0 halberd!
You slash Maggie!
Maggie is moderately wounded.
Maggie completely misses you.
You barely miss Maggie.
Maggie is moderately wounded.
Maggie barely misses you.
You barely miss Maggie.
Maggie is moderately wounded.
Maggie hits you with a +0 halberd!
You closely miss Maggie.
Maggie is moderately wounded.
Maggie casts a spell.
Maggie attempts to bespell you!
You are mesmerised by Maggie!
Maggie closely misses you.
You closely miss Maggie.
Maggie is moderately wounded.
Maggie hits you with a +0 halberd.
You closely miss Maggie.
Maggie is moderately wounded.
Maggie casts a spell at you. The bolt of fire hits you!!
You die...

.......##
........#
..8.8.8.#
...}.}..#
..8.\.8....
...}.Slh# .
..8.8J8@# .####
###
#..#.###@##.....
..# #
#>.......!.#.#
#.# #
#..#####.##..#
#.# # #.....#
#.#### # ####..#
#....# #
##.#####.##.# #
#.).....##.# #
##)#.#####.# #
#.#.# ###.###


You could see Maggie (mesmerising), an iguana, a hound, a jelly and an adder.

Vanquished Creatures
  A phantom (D:5)
  A scorpion (D:5)
  An orc wizard (D:6)
  Natasha (thrice) (D:2)
  An iguana (D:5)
  3 gnolls (D:4)
  6 adders
  A shadow imp (D:5)
  A white imp (D:5)
  An ufetubus (D:5)
  A worm (D:2)
  5 dart slugs
  7 orcs
  7 ball pythons
  9 endoplasms
  2 giant cockroaches
  4 goblins
  7 hobgoblins
  2 jackals (D:1)
  4 quokkas
  5 bats
  3 frilled lizards
  4 kobolds
  6 rats
85 creatures vanquished.

Notes
Turn   | Place    | Note
-------+----------+-------------------------------------------
     0 | D:1      | qw the Gargoyle Fighter began the quest for the Orb.
     0 | D:1      | Reached XP level 1. HP: 14/14 MP: 1/1
     0 | D:1      | 0 ||| qw: Version: 0.1-a-113-g051387a
     0 | D:1      | 0 ||| qw: Game counter: 7012
     0 | D:1      | 0 ||| qw: Always use a shield: true
     0 | D:1      | 0 ||| qw: God list: Okawaru
     0 | D:1      | 0 ||| qw: Allow faded altars: false
     0 | D:1      | 0 ||| qw: Do Orc after D:15 true
     0 | D:1      | 0 ||| qw: Do second Lair branch before Depths: true
     0 | D:1      | 0 ||| qw: Lair rune preference: random
     0 | D:1      | 0 ||| qw: Plans: Normal, Zot, God:TSO, Crypt, Tomb, Zig,
                  | Orb
     0 | D:1      | 0 ||| PLANNING D:1-11
    17 | D:1      | Reached skill level 2 in Axes
   325 | D:1      | 325 ||| Stepping ~*~*~tactically~*~*~ (stealth).
   327 | D:1      | 327 ||| Stepping ~*~*~tactically~*~*~ (stealth).
   331 | D:1      | Reached XP level 2. HP: 19/19 MP: 2/2
   356 | D:1      | 356 ||| DROPPING +0 club.
   426 | D:1      | Found Nitamu's Armour Shoppe.
   604 | D:1      | 604 ||| Stepping ~*~*~tactically~*~*~ (hiding).
   605 | D:1      | 605 ||| Stepping ~*~*~tactically~*~*~ (hiding).
   617 | D:1      | Reached skill level 3 in Axes
   652 | D:1      | 652 ||| Stepping ~*~*~tactically~*~*~ (stealth).
   653 | D:1      | 653 ||| Stepping ~*~*~tactically~*~*~ (stealth).
   663 | D:1      | Reached XP level 3. HP: 7/23 MP: 3/3
   685 | D:1      | 685 ||| Stepping ~*~*~tactically~*~*~ (stealth).
   961 | D:1      | Found a faded altar of an unknown god.
  1128 | D:1      | 1128 ||| UPGRADING to amulet of the acrobat.
  1133 | D:1      | 1133 ||| READING scroll labelled PEZURU ALOTOFF.
  1133 | D:1      | Identified a scroll of acquirement
  1133 | D:1      | 1133 ||| ACQUIRING 717 gold pieces
  1133 | D:1      | Acquired 717 gold pieces
  1135 | D:1      | 1135 ||| READING 4 scrolls labelled ELOYRPHOG OPEFF.
  1136 | D:1      | 1136 ||| READING scroll labelled QOTWUPP HEGY.
  1137 | D:1      | 1137 ||| READING scroll labelled WENYKO NANKIH.
  1138 | D:1      | 1138 ||| DRINKING 3 emerald potions.
  1139 | D:1      | 1139 ||| DROPPING 3 scrolls of immolation.
  1392 | D:2      | You fall into a shaft and drop 1 floor!
  1393 | D:3      | 1393 ||| PLANNING SEWER
  1554 | D:3      | 1554 ||| Stepping ~*~*~tactically~*~*~ (stealth).
  1715 | D:3      | Reached XP level 4. HP: 28/28 MP: 4/4
  1943 | D:3      | Reached skill level 4 in Axes
  1983 | D:3      | Found a glowing drain.
  1984 | D:3      | 1984 ||| UPGRADING to +1 hat.
  1989 | D:3      | 1989 ||| READING scroll labelled ETSIORGH APAU.
  1990 | D:3      | 1990 ||| READING 7 scrolls labelled BIP YSYCULU.
  1991 | D:3      | 1991 ||| READING scroll labelled BOIXUWN ODEVUUD.
  1992 | D:3      | 1992 ||| READING scroll labelled GAEFIO TUDEFI.
  1995 | D:3      | 1995 ||| READING scroll labelled XECZAPILAN.
  1996 | D:3      | 1996 ||| DRINKING 3 golden potions.
  1997 | D:3      | 1997 ||| DRINKING 2 amethyst potions.
  1998 | D:3      | 1998 ||| READING 6 scrolls of identify.
  1998 | D:3      | 1998 ||| IDENTIFYING sedimented cyan potion
  1999 | D:3      | 1999 ||| READING 5 scrolls of identify.
  1999 | D:3      | 1999 ||| IDENTIFYING sedimented black potion
  1999 | D:3      | 1999 ||| RIP SEWER
  2000 | D:3      | 2000 ||| PLANNING D:1-11
  2000 | D:3      | 2000 ||| READING 4 scrolls of identify.
  2000 | D:3      | 2000 ||| IDENTIFYING purple potion
  2001 | D:3      | 2001 ||| READING 3 scrolls of identify.
  2001 | D:3      | 2001 ||| IDENTIFYING black potion
  2002 | D:3      | 2002 ||| READING 2 scrolls of identify.
  2002 | D:3      | 2002 ||| IDENTIFYING fuming white potion
  2003 | D:3      | 2003 ||| DROPPING potion of ambrosia.
  2004 | D:3      | 2004 ||| DROPPING potion of magic.
  2045 | D:2      | Noticed Natasha
  2046 | D:2      | 2046 ||| Stepping ~*~*~tactically~*~*~ (hiding).
  2058 | D:2      | Killed Natasha
  2389 | D:2      | Noticed Natasha
  2401 | D:2      | Killed Natasha
  2402 | D:2      | Reached XP level 5. HP: 20/32 MP: 5/5
  2864 | D:2      | Noticed Natasha
  2865 | D:2      | 2865 ||| Stepping ~*~*~tactically~*~*~ (hiding).
  2866 | D:2      | 2866 ||| Stepping ~*~*~tactically~*~*~ (hiding).
  2874 | D:2      | HP: 6/32 [Natasha/bolt of dispelling energy (21)]
  2875 | D:2      | 2875 ||| DRINKING 2 potions of heal wounds.
  2877 | D:2      | Killed Natasha
  3199 | D:2      | 3199 ||| READING scroll labelled IHUEMUGOSK.
  3351 | D:4      | Reached skill level 5 in Axes
  3536 | D:4      | 3536 ||| Stepping ~*~*~tactically~*~*~ (hiding).
  3537 | D:4      | 3537 ||| Stepping ~*~*~tactically~*~*~ (hiding).
  3538 | D:4      | 3538 ||| Stepping ~*~*~tactically~*~*~ (stealth).
  3554 | D:4      | HP: 7/33 [gnoll/+0 flail (10)]
  3555 | D:4      | 3555 ||| READING scroll of teleportation.
  3556 | D:4      | 3556 ||| DRINKING potion of heal wounds.
  3641 | D:4      | 3641 ||| DROPPING +0 mace.
  3649 | D:4      | Found a staircase to the Ecumenical Temple.
  3650 | D:4      | 3650 ||| PLANNING TEMPLE
  3650 | D:4      | 3650 ||| READING 2 scrolls of identify.
  3650 | D:4      | 3650 ||| IDENTIFYING bubbling green potion
  3651 | D:4      | 3651 ||| DROPPING potion of degeneration.
  3658 | Temple   | Entered the Ecumenical Temple
  3724 | Temple   | Became a worshipper of Warmaster Okawaru
  3727 | Temple   | 3727 ||| PLANNING D:1-11
  3755 | D:4      | 3755 ||| Stepping ~*~*~tactically~*~*~ (stealth).
  3759 | D:4      | 3759 ||| Stepping ~*~*~tactically~*~*~ (stealth).
  3887 | D:4      | 3887 ||| UPGRADING to +0 cloak.
  3905 | D:5      | Entered Level 5 of the Dungeon
  3945 | D:5      | 3945 ||| Stepping ~*~*~tactically~*~*~ (hiding).
  3947 | D:5      | 3947 ||| Stepping ~*~*~tactically~*~*~ (hiding).
  3966 | D:5      | 3966 ||| Stepping ~*~*~tactically~*~*~ (stealth).
  3992 | D:5      | Reached XP level 6. HP: 38/38 MP: 6/6
  3992 | D:5      | 3992 ||| Stepping ~*~*~tactically~*~*~ (hiding).
  3993 | D:5      | 3993 ||| Stepping ~*~*~tactically~*~*~ (hiding).
  3999 | D:5      | Reached skill level 1 in Dodging
  4025 | D:5      | 4025 ||| Stepping ~*~*~tactically~*~*~ (stealth).
  4043 | D:5      | Reached skill level 6 in Axes
  4309 | D:5      | 4309 ||| Stepping ~*~*~tactically~*~*~ (stealth).
  4321 | D:5      | 4321 ||| DROPPING +0 flail.
  4323 | D:5      | 4323 ||| Stepping ~*~*~tactically~*~*~ (stealth).
  4375 | D:5      | 4375 ||| Stepping ~*~*~tactically~*~*~ (hiding).
  4486 | D:5      | Found a white marble altar of Elyvilon.
  4490 | D:5      | 4490 ||| Stepping ~*~*~tactically~*~*~ (hiding).
  4492 | D:5      | 4492 ||| Stepping ~*~*~tactically~*~*~ (hiding).
  4493 | D:5      | 4493 ||| Stepping ~*~*~tactically~*~*~ (hiding).
  4771 | D:5      | 4771 ||| DROPPING +0 morningstar.
  4884 | D:6      | Reached XP level 7. HP: 42/43 MP: 7/7
  4933 | D:6      | 4933 ||| Stepping ~*~*~tactically~*~*~ (hiding).
  4938 | D:6      | 4938 ||| DRINKING 2 potions of curing.
  4938 | D:6      | 4938 ||| (to cure confusion)
  4975 | D:6      | Found Tuhow's Weapon Boutique.
  4975 | D:6      | Noticed Maggie
  4976 | D:6      | 4976 ||| Stepping ~*~*~tactically~*~*~ (hiding).
  4988 | D:6      | Killed from afar by Maggie

Levels and vault maps discovered:
D:1:      nzn_arrival_water_spiral, layout_basic, serial_shops,
          nicolae_square_shop, shapermc_ecumenical_altar_rom_forum, fountainhead
D:2:      layout_basic, uniq_natasha
D:3:      layout_rooms, portal_sewer_entry_d
D:4:      layout_cave_pools, minmay_temple_entry_arrows, solitary_fountain,
          minmay_large_rounded_square
D:5:      layout_cave_pools, elyvilon_altar_1, chequers_mini_garden
D:6:      layout_loops_ring, serial_shops,
          nicolae_shop_temple_entry_statues_fountains, minmay_microvault,
          uniq_eustachio, uniq_maggie, uniq_menkaure, uniq_edmund
Temple:   nicolae_temple_bog_church

Skill      XL: |  1  2  3  4  5  6 |
---------------+-------------------+-----
Axes           | 2 3 4 5 6 |  6.3
Fighting       | 4 |  4.0
Dodging        | 1 |  1.0
Armour         | |  3.2
Shields        | |  3.2

Action                   |  1- 3 |  4- 6 |  7- 9 || total
-------------------------+-------+-------+-------++-------
Melee: War axe           |   120 |   159 |    24 ||   303
Throw: Boomerang         |       |    13 |     2 ||    15
  Use: Scroll            |     4 |    13 |       ||    17
       Potion            |     1 |     4 |     1 ||     6
Armor: Scale mail        |    63 |    64 |    15 ||   142
Dodge: Dodged            |    56 |    66 |     8 ||   130
Block: Buckler           |    24 |    25 |     4 ||    53

Table legend:
 A = Non-vault XP
 B = Vault XP
 C = Vault XP percentage of total XP
 D = Non-vault monster count
 E = Vault monster count
 F = Vault count percentage of total count
                 A         B        C        D         E       F
            +---------+---------+-------+---------+---------+-------
      Total |     610 |      49 |   7.4 |      83 |       2 |   2.4
            +---------+---------+-------+---------+---------+-------
        D:1 |      40 |       0 |   0.0 |      21 |       0 |   0.0
        D:2 |     102 |      35 |  25.5 |      13 |       1 |   7.1
        D:3 |      26 |      14 |  35.0 |      16 |       1 |   5.9
        D:4 |      82 |       0 |   0.0 |      15 |       0 |   0.0
        D:5 |     305 |       0 |   0.0 |      14 |       0 |   0.0
        D:6 |      55 |       0 |   0.0 |       4 |       0 |   0.0
            +---------+---------+-------+---------+---------+-------
